 Seeded DCSS version 0.29.1-2-gbd0b4ee654 (webtiles) character file.

Game seed: 20221117 (custom seed)

76 jessy the Chopper (level 4, -4/40 HPs)
             Began as a Hill Orc Fighter on Nov 17, 2022.
             Was an Initiate of Ashenzari.
             Slain by Sigmund
             ... wielding a +0 scythe
              (6 damage)
             ... on level 2 of the Dungeon on Nov 18, 2022.
             The game lasted 00:08:23 (1750 turns).

jessy the Chopper (Hill Orc Fighter)                Turns: 1750, Time: 00:08:24

Health: -4/40      AC:  8    Str: 20    XL:     4   Next: 32%
Magic:  0/4        EV:  9    Int:  8    God:    Ashenzari [......]
Gold:   65         SH:  4    Dex: 10    Spells: 3/3 levels left

rFire   . . .      SeeInvis .   e - +0 war axe
rCold   . . .      Faith    .   c - +0 buckler
rNeg    . . .      Spirit   +   b - +0 scale mail
rPois   .          Reflect  .   d - +0 helmet
rElec   .          Harm     .   (no cloak)
rCorr   .          Rampage  .   (no gloves)
Will    .....                   (no boots)
Stlth   ..........              l - amulet of guardian spirit
HPRegen 0.13/turn               (no ring)
MPRegen 0.09/turn               (no ring)

@: no status effects
A: no striking features
a: Renounce Religion, Curse Item


You were on level 2 of the Dungeon.
You worshipped Ashenzari.
Ashenzari was noncommittal.
You visited 1 branch of the dungeon, and saw 2 of its levels.

You collected 65 gold pieces.

Inventory:

Hand Weapons
 e - a +0 war axe (weapon)
 f - a +0 short sword
 g - a +0 dagger of speed
 o - a +0 long sword
Missiles
 a - 26 stones
 i - 5 datura-tipped darts (quivered)
Armour
 b - a +0 scale mail (worn)
 c - a +0 buckler (worn)
 d - a +0 helmet (worn)
Jewellery
 l - an amulet of guardian spirit (around neck)
Scrolls
 h - a scroll of teleportation {unknown}
 n - a scroll of fog {unknown}
Potions
 j - a potion of brilliance {unknown}
 k - a potion of lignification {unknown}
 m - a potion of curing {unknown}
 p - a potion of heal wounds {unknown}


   Skills:
 + Level 3.9 Fighting
 + Level 4.6 Axes
 + Level 3.8 Armour
 + Level 0.2 Dodging
 + Level 3.6 Shields


You had 3 spell levels left.
You didn't know any spells.
Your spell library contained the following spells:

 Spells                   Type           Power      Damage    Failure   Level
 Gell's Gravitas          Tloc           0%         N/A       99%         3
 Lesser Beckoning         Tloc           0%         N/A       99%         3
 Teleport Other           Tloc           0%         N/A       99%         3


Dungeon Overview and Level Annotations

Branches:
Dungeon (2/15)

Altars:
Ashenzari

Annotations:
D:2 Sigmund


Message History

Sigmund the Dreaded comes into view.
He is wielding a +0 scythe.
Found a stone staircase leading up.
Sigmund shouts!
Found an inky potion and a long sword.
Found a stone staircase leading down.
Sigmund hits you from afar with a +0 scythe!
You block Sigmund's attack. Sigmund closely misses you.
Sigmund barely misses you.
Sigmund casts a spell.
Sigmund flickers and vanishes!
Deactivating autopickup; reactivate with Ctrl-A.
You hear some strange, mumbled words.
Something tries to affect you, but you resist.
A magic dart appears from out of thin air!
The magic dart hits you but does no damage.
You see here a +0 long sword.
o - a +0 long sword Something hits you.
Something hits you. Something hits you! Something hits you but does no damage.
You see here an inky potion.
You block something's attack.
You see here an inky potion.
Something hits you.
You see here an inky potion.
p - an inky potion Something hits you.
Something hits you but does no damage. Something hits you.
* * * LOW HITPOINT WARNING * * *
Something hits you.
* * * LOW HITPOINT WARNING * * *
Something hits you but does no damage. Something hits you!
* * * LOW HITPOINT WARNING * * *
There is a stone staircase leading up here.
You can't go down here!
Something hits you!
You die...

#.# ####### #####.#
##.....## ..##..#
##.......## ...#..#
#.........# .#.#..#
#.........# .#....#
#.........# .##..##
#.........#
.##..######.........#
###..#..........@...#
###....####.......{.#
#....### #.........#
..#.<.# #.........#
###...# #.........#
###.... ##.......##
.##..#.# ##>....##
..#..#.. #######
#.#..###.


There were no monsters in sight!

Vanquished Creatures
  Robin (D:2)
  2 adders (D:2)
  A dart slug (D:1)
  3 ball pythons (D:1)
  4 endoplasms
  2 giant cockroaches
  6 hobgoblins
  2 jackals (D:1)
  3 kobolds (D:1)
  2 quokkas
  2 bats
  A frilled lizard (D:1)
  10 goblins
39 creatures vanquished.

Vanquished Creatures (others)
  2 fungi (D:1)
  2 plants (D:1)
4 creatures vanquished.

Grand Total: 43 creatures vanquished

Notes
Turn   | Place    | Note
-------+----------+-------------------------------------------
     0 | D:1      | jessy the Hill Orc Fighter began the quest for the Orb.
     0 | D:1      | Reached XP level 1. HP: 19/19 MP: 1/1
   335 | D:1      | Reached XP level 2. HP: 14/26 MP: 2/2
   338 | D:1      | Reached skill level 3 in Axes
  1036 | D:1      | Found a faded altar of an unknown god.
  1098 | D:1      | Reached XP level 3. HP: 33/33 MP: 3/3
  1185 | D:1      | Prayed at the altar of an unknown god.
  1185 | D:1      | Became a worshipper of Ashenzari the Shackled
  1221 | D:2      | Noticed Robin
  1230 | D:2      | Killed Robin
  1236 | D:2      | Reached skill level 4 in Axes
  1299 | D:2      | Reached XP level 4. HP: 30/40 MP: 4/4
  1712 | D:2      | Noticed Sigmund
  1748 | D:2      | HP: 2/40 [something (6)]
  1750 | D:2      | Slain by Sigmund

Illustrated notes

Levels and vault maps discovered:
D:1:      saegor_arrival_simple_e, layout_basic, shapermc_ecumenical_altar_gd,
          minmay_misc_feat_tower
D:2:      layout_rooms, uniq_sigmund, uniq_robin

Skill      XL: |  1  2  3 |
---------------+----------+-----
Axes           | 3 4 |  4.6
Fighting       | |  3.9
Armour         | |  3.8
Dodging        | |  0.2
Shields        | |  3.6

Action                   |  1- 3 |  4- 6 || total
-------------------------+-------+-------++-------
Melee: War axe           |    80 |    11 ||    91
  Use: Potion            |     1 |       ||     1
Armor: Scale mail        |    55 |    18 ||    73
Dodge: Dodged            |    55 |    12 ||    67
Block: Buckler           |    29 |    11 ||    40
